 Dungeon Crawl Stone Soup version 0.27-a0-200-g8ba017916c (webtiles) character file.

Game seed: 9781064939280530213

4864 HoaS the Cruncher (level 10, -2/70 HPs)
             Began as a Formicid Fighter on Jan 29, 2021.
             Was a Believer of Makhleb.
             Slain by Joseph
             ... wielding a +0 quarterstaff
              (8 damage)
             ... on level 8 of the Dungeon on Jan 30, 2021.
             The game lasted 00:16:39 (7081 turns).

HoaS the Cruncher (Formicid Fighter)                Turns: 7081, Time: 00:16:40

Health: -2/70      AC: 12    Str: 22    XL:     10   Next: 78%
Magic:  0/10       EV: 10    Int:  8    God:    Makhleb [**....]
Gold:   258        SH: 11    Dex: 12    Spells: 9/9 levels left

rFire    . . .     SeeInvis +   a - +0 quarterstaff
rCold    . . .     Faith    .   c - +0 kite shield
rNeg     . . .     Spirit   +   n - +0 swamp dragon scales
rPois    +         Reflect  .   (helmet unavailable)
rElec    .         Harm     .   u - +1 cloak
rCorr    +         Rampage  .   (no gloves)
Will     +....                  p - +1 pair of boots
Stlth    ++........             q - amulet of guardian spirit
HPRegen  0.21/turn              h - ring of resist corrosion
MPRegen  0.12/turn              w - ring of stealth

@: no status effects
A: permanent stasis, dig shafts and tunnels, four strong arms, antennae 3
a: Dig, Shaft Self, Renounce Religion, Minor Destruction


You were on level 8 of the Dungeon.
You worshipped Makhleb.
Makhleb was pleased with you.
You visited 2 branches of the dungeon, and saw 9 of its levels.

You collected 258 gold pieces.

Inventory:

Hand Weapons
 a - a +0 quarterstaff (weapon)
Missiles
 e - 48 bolts
Armour
 c - a +0 kite shield (worn)
 k - a +0 plate armour
 n - +0 swamp dragon scales (worn)
 p - a +1 pair of boots (worn)
 u - a +1 cloak (worn)
Jewellery
 h - a ring of resist corrosion (left hand)
 q - an amulet of guardian spirit (around neck)
 w - a ring of stealth (right hand)
Wands
 d - a wand of mindburst (9)
 f - a wand of digging (6)
 i - a wand of flame (16)
 s - a wand of acid (3) (quivered)
 t - a wand of polymorph (1)
 x - a wand of enslavement (9)
Scrolls
 j - 4 scrolls of remove curse
 o - 2 scrolls of identify
Potions
 b - 2 potions of mutation
 g - a potion of invisibility {unknown}
 l - a potion of flight
 m - 5 potions of heal wounds {unknown}
 r - a potion of brilliance {unknown}
 v - a potion of resistance


   Skills:
 - Level 3.2 Fighting
 * Level 13.2 Staves
 - Level 3.2 Armour
 - Level 9.0 Shields


You had 9 spell levels left.
You didn't know any spells.
Your spell library contained the following spells:

 Spells                   Type           Power        Failure   Level
 Corona                   Hex            0%           56%         1
 Ensorcelled Hibernation  Hex/Ice        0%           71%         2
 Confusing Touch          Hex            0%           90%         3
 Dazzling Flash           Conj/Hex       0%           90%         3
 Tukima's Dance           Hex            0%           90%         3


Dungeon Overview and Level Annotations

Branches:
Dungeon (8/15)             Temple (1/1) D:4
   Lair: D:8-11

Altars:
Ashenzari
Cheibriados
Dithmenos
Fedhas
Gozag
Hepliaklqana
Makhleb
Okawaru
Qazlal
Sif Muna
Trog
Uskayaw
Vehumet
Wu Jian
Xom
Yredelemnul
Zin
The Shining One

Annotations:
D:5 Prince Ribbit
D:8 Joseph


Innate Abilities, Weirdness & Mutations

You cannot be hasted, slowed, berserked, paralysed or teleported.
You can dig through walls and to a lower floor.
Your four strong arms can wield two-handed weapons with a shield.
You have a pair of large antennae on your head. (SInv)


Message History

Okay, then.
You are too injured to fight recklessly!
Evoke which item? (* to show all) (? for menu, Esc to quit)
Aiming: Corrosive Bolt
Press: ? - help, Shift-Dir - straight line, f - Joseph
Aim: Joseph, wielding a +0 quarterstaff, wearing a +0 ring mail and quivering sling bullets (heavily wounded, fast, 25% to evade)
The bolt of acid hits Joseph!
Joseph is splashed with acid!
Joseph is severely wounded.
You block Joseph's attack.
You sock Joseph!
Joseph is severely wounded.
Joseph hits you with a +0 quarterstaff!
* * * LOW HITPOINT WARNING * * *
You closely miss Joseph.
Joseph is severely wounded.
You block Joseph's attack.
You hit Joseph but do no damage.
Joseph is severely wounded.
Joseph hits you with a +0 quarterstaff!
You die...

####.#######.# #............#
#.....)).....# #......).....#
#.....)).....#
##########'#######.##########
...........# #.#........#
##################.#........#
......@@..'........#
####################........#
.........##..#..............#####
.........').............[...+....
.........##..#.#####........####.
.........##..#.# #........####.
......<......#.# #####..##.....
.........###.#.# #..##.....
+#...##### #.#.# #..##.....


You could see Joseph (fast).

Vanquished Creatures
  A two-headed ogre (D:8)
  Erica (D:8)
  Maggie (D:6)
  Sigmund (D:2)
  Grum (D:8)
  Edmund (D:4)
  Menkaure (D:6)
  Duvessa (D:4)
  A sky beast (D:4)
  2 ice beasts
  A phantom (D:7)
  A necrophage (D:7)
  4 wolves (D:8)
  A centaur (D:8)
  3 ogres
  A bullfrog (D:6)
  Blork the orc (D:7)
  A gnoll sergeant (D:7)
  Dowan (D:4)
  A scorpion (D:4)
  5 wights (D:6)
  2 howler monkeys
  A quasit (D:6)
  A bullfrog skeleton (D:5)
  5 hounds
  3 orc priests
  A jelly (D:7)
  Crazy Yiuf (D:3)
  An iguana (D:4)
  Ijyb (D:3)
  3 orc wizards
  7 worker ants
  2 hound zombies
  Robin (D:1)
  4 gnolls (D:7)
  7 adders
  2 ufetubi
  2 oozes
  2 adder zombies
  An adder skeleton (D:6)
  A worm (D:2)
  A dart slug (D:1)
  7 leopard geckos
  16 orcs
  5 giant cockroaches
  18 goblins
  14 hobgoblins
  9 jackals
  4 kobolds
  7 quokkas
  A ball python (D:3)
  5 bats
  3 frilled lizards
  A quokka skeleton (D:4)
  A quokka zombie (D:3)
  6 rats
177 creatures vanquished.

Notes
Turn   | Place    | Note
-------+----------+-------------------------------------------
     0 | D:1      | HoaS the Formicid Fighter began the quest for the Orb.
     0 | D:1      | Reached XP level 1. HP: 18/18 MP: 1/1
    79 | D:1      | Reached XP level 2. HP: 24/24 MP: 2/2
   244 | D:1      | Reached XP level 3. HP: 29/29 MP: 3/3
   249 | D:1      | Reached skill level 3 in Staves
   537 | D:2      | Noticed Sigmund
   825 | D:2      | Reached XP level 4. HP: 35/35 MP: 4/4
  1012 | D:2      | Killed Sigmund
  1013 | D:2      | Reached skill level 5 in Staves
  1013 | D:2      | Reached skill level 5 in Shields
  1013 | D:2      | Reached XP level 5. HP: 24/41 MP: 3/5
  1013 | D:2      | Reached XP level 6. HP: 28/47 MP: 3/6
  1014 | D:2      | Noticed Robin
  1027 | D:1      | Killed Robin
  1330 | D:3      | Noticed Ijyb
  1339 | D:3      | Killed Ijyb
  1699 | D:3      | Found a runed translucent door.
  1700 | D:3      | Noticed Crazy Yiuf
  1767 | D:3      | Reached XP level 7. HP: 37/52 MP: 3/7
  1877 | D:3      | Found a hazy altar of Hepliaklqana.
  2020 | D:3      | Found a shimmering altar of Xom.
  2024 | D:3      | Found a snail-covered altar of Cheibriados.
  2161 | D:3      | Killed Crazy Yiuf
  2331 | D:4      | Reached skill level 6 in Staves
  2335 | D:4      | Noticed Dowan
  2336 | D:4      | Noticed Duvessa
  2367 | D:4      | Killed Duvessa
  2399 | D:4      | Killed Dowan
  2654 | D:4      | Noticed Edmund
  2672 | D:4      | Killed Edmund
  2673 | D:4      | Reached skill level 7 in Staves
  2673 | D:4      | Reached XP level 8. HP: 55/58 MP: 6/8
  2733 | D:4      | Found an iron altar of Okawaru.
  2835 | D:4      | Found a staircase to the Ecumenical Temple.
  2854 | Temple   | Entered the Ecumenical Temple
  3047 | Temple   | Became a worshipper of Makhleb the Destroyer
  3261 | D:4      | Found a glowing golden altar of the Shining One.
  3292 | D:5      | Entered Level 5 of the Dungeon
  3390 | D:4      | Reached skill level 8 in Staves
  3484 | D:5      | Noticed Prince Ribbit
  3794 | D:5      | Found a hide-covered altar of Uskayaw.
  3794 | D:5      | Noticed a +0 hand axe
  3794 | D:5      | Noticed a +0 dagger
  4271 | D:6      | Found a radiant altar of Vehumet.
  4348 | D:6      | Reached XP level 9. HP: 59/64 MP: 7/9
  4353 | D:6      | Noticed Menkaure
  4359 | D:6      | Killed Menkaure
  4360 | D:6      | Reached skill level 9 in Staves
  4821 | D:6      | Reached * piety under Makhleb
  4822 | D:6      | Noticed Maggie
  4833 | D:6      | Killed Maggie
  4834 | D:6      | Reached skill level 10 in Staves
  5793 | D:7      | Reached skill level 11 in Staves
  5793 | D:7      | Reached XP level 10. HP: 65/70 MP: 8/10
  5954 | D:7      | Noticed Blork the orc
  5970 | D:7      | Killed Blork the orc
  5977 | D:7      | Found a shimmering blue altar of Sif Muna.
  6214 | D:8      | Noticed Grum
  6240 | D:8      | Killed Grum
  6255 | D:8      | Reached skill level 12 in Staves
  6295 | D:8      | Noticed Erica
  6499 | D:8      | Killed Erica
  6591 | D:8      | Reached ** piety under Makhleb
  6797 | D:8      | Noticed a two-headed ogre
  6809 | D:8      | Killed a two-headed ogre
  6810 | D:8      | Reached skill level 13 in Staves
  7052 | D:8      | Noticed Joseph
  7081 | D:8      | Slain by Joseph

Illustrated notes

Levels and vault maps discovered:
D:1:      lemuel_arrival_muddy, layout_basic, grunt_decor_one_mirror
D:2:      layout_rooms, uniq_sigmund, uniq_robin
D:3:      minmay_razor_zed, layout_basic, nzn_hepliaklqana_mist_gate,
          nicolae_overflow_hidden_temple, minmay_goblin_kobold_house,
          uniq_crazy_yiuf_cottage, uniq_ijyb
D:4:      layout_basic, tso_altar, old_standard_altar,
          minmay_temple_entry_statues_fountains, uniq_duvessa, uniq_edmund
D:5:      layout_basic, dancing_weapons_uskayaw, uniq_prince_ribbit1
D:6:      layout_basic, vehumet_altar_wand_db, uniq_maggie, uniq_menkaure
D:7:      layout_loops_ring, tgw_sif
D:8:      layout_basic, uniq_erica, uniq_grum, uniq_joseph
Temple:   minmay_temple_curvy_loop

Skill      XL: |  1  2  3  4  5  6  7  8  9 10 |
---------------+-------------------------------+-----
Shields        | 4 5 6 8 9 |  9.0
Staves         | 3 5 7 8 11 13 | 13.2
Fighting       | |  3.2
Armour         | |  3.2

Action                   |  1- 3 |  4- 6 |  7- 9 | 10-12 || total
-------------------------+-------+-------+-------+-------++-------
Melee: Quarterstaff      |    61 |   123 |   453 |   148 ||   785
       Unarmed           |       |       |       |    10 ||    10
 Abil: Dig               |       |     1 |       |       ||     1
Evoke: Wand              |       |       |     4 |    11 ||    15
  Use: Scroll            |       |     8 |     6 |       ||    14
       Potion            |       |     1 |     4 |       ||     5
Armor: Scale mail        |    22 |     5 |       |       ||    27
       Chain mail        |       |    24 |       |       ||    24
       Plate armour      |       |    44 |   153 |       ||   197
       Swamp dragon scal |       |       |    15 |    37 ||    52
Dodge: Dodged            |    20 |    24 |    92 |    40 ||   176
Block: Kite shield       |    35 |    67 |   213 |    57 ||   372

Table legend: (Time is in decaauts)
 A = Elapsed time spent in this place.
 B = Non-inter-level travel time spent in this place.
 C = Inter-level travel time spent in this place.
 D = Time resting spent in this place.
 E = Time spent auto-exploring this place.
 F = Levels seen in this place.
 G = Mean time per level.
                   A        B        C        D        E       F      G
               +--------+--------+--------+--------+--------+-----+--------+
         Total |   7048 |   6738 |    310 |   1675 |   3453 |   9 |  783.1 |
       Dungeon |   6819 |   6554 |    265 |   1675 |   3272 |   8 |  852.4 |
        Temple |    228 |    183 |     45 |      0 |    181 |   1 |  228.0 |
               +--------+--------+--------+--------+--------+-----+--------+

Top non-repeatable levels by time:
     D:4: 1238 daAuts
     D:6: 1128 daAuts
     D:3: 1012 daAuts
     D:8: 843 daAuts
     D:1: 794 daAuts
     D:7: 761 daAuts
     D:5: 575 daAuts
     D:2: 466 daAuts
  Temple: 228 daAuts
